 Dungeon Crawl Stone Soup version 0.17-a0-1562-g9b2c768 (console) character file.

2526 Monkaria the Spear-Bearer (level 9, -10/79 HPs)
             Began as a Minotaur Berserker on July 21, 2015.
             Was an Elder of Trog.
             Killed from afar by an electric eel (12 damage)
             ... with a bolt of electricity
             ... on level 7 of the Dungeon.
             The game lasted 00:11:02 (5832 turns).

Monkaria the Spear-Bearer (Minotaur Berserker)      Turns: 5832, Time: 00:11:02

Health: -10/79     AC:  7    Str: 22    XL:     9   Next: 29%
Magic:  8/8        EV: 12    Int:  5    God:    Trog [****..]
Gold:   155        SH:  0    Dex: 12    Spells: 0 memorised, 8 levels left

rFire  + . .     SeeInvis .     y - +4 trident (freeze)
rCold  . . .     Clarity  .     K - +1 leather armour of the Lotus Blossom {MR++}
rNeg   . . .     SustAt   +     (no shield)
rPois  .         Gourm    .     (helmet restricted)
rElec  .         Spirit   .     (no cloak)
rCorr  .         Warding  .     m - +1 pair of gloves
rMut   .         Stasis   .     (no boots)
MR     ++++.                    (no amulet)
Stlth  +.........               d - ring of sustain attributes
                                l - ring of protection from fire

@: regenerating, incredibly resistant to hostile enchantments, very unstealthy
A: retaliatory headbutt, horns 2
a: Burn Spellbooks, Berserk, Trog's Hand, Brothers in Arms, Renounce Religion


You were on level 7 of the Dungeon.
You worshipped Trog.
Trog was greatly pleased with you.
You were not hungry.

You visited 2 branches of the dungeon, and saw 8 of its levels.
You also visited: Ossuary.

You collected 207 gold pieces.
You spent 52 gold pieces at shops.

Inventory:

Hand weapons
 y - a +4 trident of freezing (weapon)
 W - a +7 blowgun
Missiles
 b - 3 needles of slowing
 i - 18 poisoned needles
 s - 6 poisoned tomahawks
 w - 10 tomahawks (quivered)
 P - 5 needles of sleeping
 U - 3 throwing nets
Armour
 m - a +1 pair of gloves (worn)
 v - a +2 robe of the Archmagi
 B - a +0 buckler
 K - the +1 leather armour of the Lotus Blossom (worn) {MR++}
   (You found it on level 4 of the Dungeon)

   It affects your resistance to hostile enchantments.
 R - a +0 large shield
 S - a +0 shield
 T - a +4 scale mail
Jewellery
 d - a ring of sustain attributes (right hand)
 l - a ring of protection from fire (left hand)
 o - a +2 ring of intelligence
Magical devices
 p - a wand of flame (22)
 r - a wand of fireball (7)
 z - a wand of flame (23)
 L - a wand of flame (24)
 O - a wand of random effects (31)
 V - a wand of magic darts (14)
Scrolls
 a - a scroll of fog {unknown}
 j - 3 scrolls of immolation
 C - 5 scrolls of teleportation
 G - 2 scrolls of recharging {unknown}
 H - 2 scrolls of remove curse {unknown}
 I - a scroll of summoning {unknown}
 Y - a scroll of enchant armour
Potions
 e - a potion of ambrosia
 f - 4 potions of might
 g - 6 potions of curing
 q - a potion of mutation
 t - a potion of flight
 A - 3 potions of brilliance
 D - 2 potions of heal wounds
 E - a potion of haste {unknown}
 F - a potion of invisibility {unknown}
 J - a potion of resistance {unknown}
 M - 2 potions of degeneration {unknown}
 N - a potion of berserk rage {unknown}
Books
 k - a book of the Tempests

   Spells                             Type                      Level
   a - Static Discharge               Conjuration/Air              3
   b - Lightning Bolt                 Conjuration/Air              5
   c - Fireball                       Conjuration/Fire             5
   d - Tornado                        Air                          9
   e - Shatter                        Earth                        9
   Trog disapproves of the use of such an item.
Miscellaneous
 x - a plain deck of defence
Comestibles
 c - 10 bread rations
 h - 4 meat rations
 n - a royal jelly
 u - 7 fruits
 Q - 7 beef jerkies
 X - 4 chunks of flesh


   Skills:
 + Level 7.2 Fighting
 - Level 11.0 Polearms
 - Level 9.1 Armour
 - Level 2.1 Dodging


You had 8 spell levels left.
You didn't know any spells.

Dungeon Overview and Level Annotations

Branches:
Dungeon (7/15)             Temple (1/1) D:5

Altars:
Ashenzari
Cheibriados
Dithmenos
Elyvilon
Fedhas
Gozag
Kikubaaqudgha
Makhleb
Nemelex Xobeh
Okawaru
Qazlal
Ru
Sif Muna
Trog
Vehumet
Xom
Yredelemnul
Zin
The Shining One

Shops:
D:5 *   D:7 (


Innate Abilities, Weirdness & Mutations

You reflexively headbutt those who attack you in melee.
You have a pair of horns on your head.


Message History

The electric eel shoots out a bolt of lightning at you!
The bolt of electricity hits the orc.
The orc dies!
The bolt of electricity hits you!
The electric eel shoots out a bolt of lightning at you!
The bolt of electricity hits you!
* * * LOW HITPOINT WARNING * * *
Use which ability? (? or * to list)
Your skin crawls.
You feel resistant to hostile enchantments.
You feel slightly more hungry.
The electric eel shoots out a bolt of lightning at you!
The bolt of electricity hits you!
* * * LOW HITPOINT WARNING * * *
The electric eel shoots out a bolt of lightning at you!
The bolt of electricity hits you!
* * * LOW HITPOINT WARNING * * *
The electric eel shoots out a bolt of lightning at you!
The bolt of electricity hits you!
You die...

...# #...
#..###.# #.≈≈
.......# #.≈#
.≈# ...#####
#.≈# ≈.≈# ..##
#.≈###≈.≈# #.#
#.≈≈;≈≈.;≈ #.#
#...)..... ..#
#.≈≈≈≈≈.≈≈ ###
#@≈###≈.≈# #.≈#
≈.≈# ####
#.≈###≈.≈# ..^#
#.≈≈≈≈≈.≈≈≈≈
...#######
#...........
.........#
#.≈≈≈≈≈.≈≈≈ ≈≈
.#######.#
#.≈###≈.≈# .≈#
## #.# #.≈#
#≈.≈# ≈.≈# ##.#
#.≈###≈.≈###≈.≈#


You could see 2 electric eels.

Vanquished Creatures
  The ghost of trantor the Slasher, an average HESk (Ossuary)
  The ghost of Malak the Caller, an average DESu of Sif Muna (D:6)
  A hungry ghost (D:7)
  A water moccasin (D:5)
  A sky beast (D:6)
  An orc warrior (D:6)
  A black bear (D:4)
  A phantom (D:4)
  3 ogres
  Blork the orc (D:4)
  2 giant frogs (D:6)
  A gnoll sergeant (D:5)
  12 orc wizards
  2 jellies
  2 orc priests (D:6)
  5 centaur zombies (Ossuary)
  2 iguanas (D:6)
  2 worker ants
  A hound zombie (D:7)
  7 mummies (Ossuary)
  Robin (D:3)
  8 gnolls
  6 adders
  3 shadow imps
  An ooze (D:2)
  3 adder zombies (Ossuary)
  An adder skeleton (D:4)
  5 worms
  4 giant geckos
  22 orcs
  3 ball pythons
  10 bats
  6 giant cockroaches
  11 hobgoblins
  10 kobolds
  3 quokkas
  4 giant newts
  A gnoll zombie (Ossuary)
  15 goblins
  4 goblin zombies (Ossuary)
  A hobgoblin zombie (Ossuary)
  3 kobold zombies (Ossuary)
  2 orc zombies (Ossuary)
  7 quokka zombies (Ossuary)
  8 rats
  4 rat zombies (Ossuary)
194 creatures vanquished.

Vanquished Creatures (others)
  An orc (D:7)
1 creature vanquished.

Grand Total: 195 creatures vanquished

Notes
Turn   | Place    | Note
--------------------------------------------------------------
     0 | D:1      | Monkaria the Minotaur Berserker began the quest for the Orb.
     0 | D:1      | Reached XP level 1. HP: 19/19 MP: 0/0
    63 | D:1      | Reached skill level 4 in Fighting
   186 | D:1      | Reached XP level 2. HP: 8/28 MP: 1/1
   449 | D:1      | Reached skill level 5 in Fighting
   710 | D:2      | Reached XP level 3. HP: 36/36 MP: 2/2
   834 | D:2      | Acquired Trog's second power
  1322 | D:2      | Reached XP level 4. HP: 42/42 MP: 3/3
  1618 | D:3      | Reached skill level 5 in Polearms
  1849 | D:3      | Reached skill level 6 in Polearms
  1849 | D:3      | Reached XP level 5. HP: 48/48 MP: 4/4
  1902 | D:3      | Found a sparkling altar of Nemelex Xobeh.
  2123 | D:3      | Noticed Robin
  2135 | D:3      | Killed Robin
  2405 | D:4      | Received a gift from Trog
  2463 | D:4      | Noticed a phantom
  2508 | D:4      | Noticed Blork the orc
  2511 | D:4      | Killed a phantom
  2511 | D:4      | Reached skill level 7 in Polearms
  2511 | D:4      | Reached XP level 6. HP: 30/56 MP: 5/5
  2527 | D:4      | Killed Blork the orc
  2549 | D:4      | Found a sand-covered staircase.
  2598 | D:4      | Noticed a black bear
  2607 | D:4      | Killed a black bear
  2607 | D:4      | Reached skill level 8 in Polearms
  2637 | Ossuary  | Entered an ossuary
  2671 | Ossuary  | Noticed trantor's ghost (average HESk)
  2699 | Ossuary  | Killed trantor's ghost
  2699 | Ossuary  | Reached skill level 9 in Polearms
  2699 | Ossuary  | Reached XP level 7. HP: 61/61 MP: 6/6
  2796 | Ossuary  | Reached skill level 10 in Polearms
  3203 | D:4      | Found a deep blue altar of Sif Muna.
  3269 | D:4      | Got a warped leather armour
  3282 | D:4      | Identified the +1 leather armour of the Lotus Blossom {MR++} (You found it on level 4 of the Dungeon)
  3650 | D:5      | Entered Level 5 of the Dungeon
  3863 | D:5      | Reached skill level 11 in Polearms
  3863 | D:5      | Reached XP level 8. HP: 61/68 MP: 7/7
  3872 | D:5      | Received a gift from Trog
  4087 | D:5      | Found Xix Gagh's Serpentskin Sales.
  4232 | D:5      | Found a staircase to the Ecumenical Temple.
  4239 | Temple   | Entered the Ecumenical Temple
  4571 | D:5      | Reached skill level 5 in Armour
  4585 | D:5      | Found a sparkling altar of Nemelex Xobeh.
  4586 | D:5      | Found a burning altar of Makhleb.
  4798 | D:6      | Noticed Malak's ghost (average DESu)
  4813 | D:6      | Killed Malak's ghost
  5015 | D:6      | Reached XP level 9. HP: 47/74 MP: 8/8
  5126 | D:6      | Found a stormy altar of Qazlal.
  5126 | D:6      | Found a blossoming altar of Fedhas.
  5127 | D:6      | Found a shadowy altar of Dithmenos.
  5242 | D:6      | Acquired Trog's third power
  5531 | D:7      | Found a radiant altar of Vehumet.
  5582 | D:7      | Found an ancient bone altar of Kikubaaqudgha.
  5665 | D:7      | Found Nimiffyo's Antique Weapon Emporium.
  5668 | D:7      | Bought a runed blowgun for 52 gold pieces
  5832 | D:7      | HP: 2/79 [electric eel/bolt of electricity (13)]
  5832 | D:7      | Killed from afar by an electric eel

Vault maps used:
D:1:      wheals_arrival_shading
D:2:      minmay_misc_feat_chi, minmay_misc_feat_four_crosses
D:3:      first_bread, nemelex_deck, uniq_robin
D:4:      lemuel_crystal_altar, enter_ossuary_5, uniq_blork_the_orc
D:5:      gammafunk_temple_overflow_pools, minmay_temple_entry_nine_rooms,
          guppyfry_shop_venom
D:6:      minmay_flawed_box, gammafunk_temple_overflow_claw
D:7:      vehumet_altar_wand_db, nicolae_overflow_crystal_walls, serial_shops,
          kennysheep_mini_moat, grunt_ogre_cave, kennysheep_boxes
Temple:   triangle_lava_temple_11
Ossuary:  ossuary_boxes_badplayer

Action                   |  1- 3 |  4- 6 |  7- 9 || total
-------------------------+-------+-------+-------++-------
Melee: Spear             |    80 |   171 |    67 ||   318
       Trident           |       |       |   247 ||   247
Invok: Trog's Hand       |       |     2 |     4 ||     6
       Berserk           |       |     1 |     1 ||     2
  Use: Scroll            |       |     8 |     5 ||    13
       Potion            |       |       |     1 ||     1
 Stab: Sleeping          |     1 |       |     4 ||     5
       Distracted        |       |     1 |       ||     1
  Eat: Chunk             |       |     6 |    14 ||    20
